 Dungeon Crawl Stone Soup version 0.24-a0-530-g18ba70b503 (webtiles) character file.

Game seed: 15613910470716783532

172 RedPan the Sneak (level 5, -6/24 HPs)
             Began as a Spriggan Enchanter on Aug 9, 2019.
             Mangled by Sigmund
             ... wielding a +0 scythe
              (15 damage)
             ... on level 3 of the Dungeon.
             The game lasted 00:06:17 (2705 turns).

RedPan the Sneak (Spriggan Enchanter)               Turns: 2705, Time: 00:06:18

Health: -6/24      AC:  3    Str:  4    XL:     5   Next: 27%
Magic:  10/12      EV: 18    Int: 18    God:
Gold:   70         SH:  0    Dex: 16    Spells: 4/12 levels left

rFire    + . .     SeeInvis +   a - +1 dagger
rCold    . . .     Gourm    .   (shield restricted)
rNeg     . . .     Faith    .   b - +1 robe
rPois    .         Spirit   .   (helmet restricted)
rElec    .         Reflect  .   (no cloak)
rCorr    .         Harm     .   (gloves unavailable)
MR       .....                  (boots unavailable)
Stlth    +++.......             (no amulet)
HPRegen  0.08/turn              f - ring of protection from fire
MPRegen  0.13/turn              (no ring)

@: very quick
A: very small, unfitting armour, see invisible, herbivore, speed 3, slow
metabolism 2
a: no special abilities


You were on level 3 of the Dungeon.
You were hungry.

You visited 1 branch of the dungeon, and saw 3 of its levels.

You collected 70 gold pieces.

Inventory:

Hand Weapons
 a - a +1 dagger (weapon)
Armour
 b - a +1 robe (worn)
Jewellery
 f - a ring of protection from fire (left hand)
Wands
 g - a wand of iceblast (7)
Scrolls
 c - 2 scrolls of amnesia
 e - 2 scrolls of remove curse
Potions
 i - a potion of flight
 j - a potion of curing {unknown}
 k - a potion of resistance
 l - a potion of ambrosia {unknown}
Comestibles
 d - 3 rations


   Skills:
 - Level 1.1 Short Blades
 - Level 3.0 Dodging
 + Level 6.3 Stealth
 + Level 4.3 Spellcasting
 + Level 5.0 Hexes
 - Level 1.0 Ice Magic


You had 4 spell levels left.
You knew the following spells:

 Your Spells              Type           Power        Failure   Level  Hunger
a - Confuse               Hex            ###.....     5%          3    ###....
b - Ensorcelled Hibernat  Hex/Ice        ##....       6%          2    ##.....
c - Tukima's Dance        Hex            ###.....     5%          3    ###....

Your spell library contained the following spells:

 Spells                   Type           Power        Failure   Level  Hunger
 Corona                   Hex            ###....      1%          1    None
 Beastly Appendage        Tmut           #.....       14%         1    None
 Dazzling Spray           Conj/Hex       ##....       16%         3    ###....
 Sticks to Snakes         Tmut           #.......     22%         2    ##.....
 Spider Form              Tmut/Pois      #.........   41%         3    ###....
 Ice Form                 Ice/Tmut       #.......     75%         4    ####...
 Blade Hands              Tmut           #.........   99%         5    ######.


Dungeon Overview and Level Annotations

Branches:
Dungeon (3/15)

Altars:
Trog
Uskayaw

Annotations:
D:3 Sigmund


Innate Abilities, Weirdness & Mutations

You are very small and have problems with some larger weapons.
You are too small for most types of armour.
You have supernaturally acute eyesight. (SInv)
You are a herbivore.
You cover ground extremely quickly.
You need to consume almost no food.


Message History

Sigmund hits you from afar with a +0 scythe!
Ouch! That really hurt!
Casting: Ensorcelled Hibernation (safe; 6% risk of failure)
Confirm with . or Enter, or press ? or * to list all spells.
Aiming: Ensorcelled Hibernation (safe; 6% risk of failure)
Press: ? - help, Shift-Dir - straight line, f - Sigmund
Aim: Sigmund, wielding a +0 scythe, wearing a +0 robe and carrying a wand of flame (18) (fast, chance to defeat MR: 53%) Sigmund looks drowsy...
A frilled lizard comes into view.
The helpless Sigmund fails to defend himself.
You impale Sigmund!!
Sigmund is severely wounded.
Sigmund closely misses you.
You barely miss Sigmund.
Sigmund is severely wounded.
Sigmund gestures at you while chanting. The puff of flame misses you.
The puff of flame hits the plant!
Sigmund hits you with a +0 scythe!
Ouch! That really hurt!
You die...

# ##.....# #.
####..###..#
#.###.......## #
#....###'###.#.
#.#.##≈≈.≈≈##...
#..##≈.bP.b≈##..#
#..#≈.P...P.≈#..#
#..#≈...⌠...≈#..#
#..@@P.8%8.P.+..#
##.#≈..b⌠...≈#..
#.#≈.P.b.P.≈#.
#.##≈..P..≈##.
##.##≈≈.≈≈##..
##.###+###.
##.......l
###....


You could see Sigmund.

Vanquished Creatures
  Ijyb (D:3)
  Terence (D:2)
  5 adders
  An ooze (D:2)
  5 worms
  2 leopard geckos
  8 bats
  3 giant cockroaches
  10 goblins
  4 hobgoblins
  9 kobolds
  4 frilled lizards
  6 rats
59 creatures vanquished.

Notes
Turn   | Place    | Note
-------+----------+-------------------------------------------
     0 | D:1      | RedPan the Spriggan Enchanter began the quest for the Orb.
     0 | D:1      | Reached XP level 1. HP: 9/9 MP: 5/5
   412 | D:1      | Reached XP level 2. HP: 2/13 MP: 5/7
   724 | D:1      | Learned a level 2 spell: Ensorcelled Hibernation
  1120 | D:1      | Reached skill level 5 in Stealth
  1420 | D:2      | Reached XP level 3. HP: 16/16 MP: 8/8
  1537 | D:2      | Found a bloodstained altar of Trog.
  1766 | D:2      | Noticed Terence
  1773 | D:2      | Killed Terence
  1773 | D:2      | Reached XP level 4. HP: 21/21 MP: 10/10
  2090 | D:2      | Learned a level 3 spell: Confuse
  2094 | D:2      | Learned a level 3 spell: Tukima's Dance
  2138 | D:2      | Reached skill level 6 in Stealth
  2464 | D:3      | Reached XP level 5. HP: 24/24 MP: 9/12
  2515 | D:3      | Noticed Ijyb
  2524 | D:3      | Killed Ijyb
  2524 | D:3      | Reached skill level 5 in Hexes
  2536 | D:3      | Found a hide-covered altar of Uskayaw.
  2618 | D:3      | Reached skill level 1 in Ice Magic
  2694 | D:3      | Noticed Sigmund
  2705 | D:3      | Mangled by Sigmund

Levels and vault maps discovered:
D:1:      onia_arrival_mini_spirals, layout_rooms
D:2:      layout_rooms, lemuel_crystal_altar, uniq_terence
D:3:      layout_loops_ring, lemuel_coloured_pillars_altar, first_ration,
          hangedman_glass_garden, uniq_sigmund, uniq_ijyb, uniq_robin,
          uniq_grinder

Skill      XL: |  1  2  3  4  5 |
---------------+----------------+-----
Spellcasting   | 3 4 |  4.3
Hexes          | 4 5 |  5.0
Stealth        | 5 6 |  6.3
Ice Magic      | 1 |  1.0
Short Blades   | |  1.1
Dodging        | |  3.0

Action                   |  1- 3 |  4- 6 || total
-------------------------+-------+-------++-------
Melee: Dagger            |   142 |    67 ||   209
 Cast: Corona            |     1 |       ||     1
       Ensorcelled Hiber |     6 |    13 ||    19
  Use: Scroll            |     5 |     2 ||     7
 Stab: Sleeping          |    11 |    15 ||    26
Armor: Robe              |    14 |     7 ||    21
Dodge: Dodged            |   120 |    62 ||   182

Table legend:
 A = Non-vault XP
 B = Vault XP
 C = Vault XP percentage of total XP
 D = Non-vault monster count
 E = Vault monster count
 F = Vault count percentage of total count
                 A         B        C        D         E       F
            +---------+---------+-------+---------+---------+-------
      Total |     175 |      72 |  29.1 |      57 |       2 |   3.4
            +---------+---------+-------+---------+---------+-------
        D:1 |      38 |       0 |   0.0 |      23 |       0 |   0.0
        D:2 |     110 |      36 |  24.7 |      27 |       1 |   3.6
        D:3 |      27 |      36 |  57.1 |       7 |       1 |  12.5
            +---------+---------+-------+---------+---------+-------
